 Dungeon Crawl Stone Soup version 0.30-a0-739-gea05faddec (webtiles) character file.

Game seed: 7803561568689478982

30 cforsyth the Firebug (level 3, -2/19 HPs)
             Began as a Tengu Fire Elementalist on Feb 4, 2023.
             Slain by a worm (10 damage)
             ... on level 2 of the Dungeon.
             The game lasted 00:01:21 (1861 turns).

cforsyth the Firebug (Tengu Fire Elementalist)      Turns: 1861, Time: 00:01:21

Health: -2/19      AC:  2    Str:  8    XL:     3   Next: 20%
Magic:  0/7        EV: 13    Int: 17    God:
Gold:   102        SH:  0    Dex: 20    Spells: 6/7 levels left

rFire   . . .      SeeInvis .    (no weapon)
rCold   . . .      Faith    .    (no shield)
rNeg    . . .      Spirit   .    a - +0 robe
rPois   .          Reflect  .    (helmet restricted)
rElec   .          Harm     .    (no cloak)
rCorr   .          Rampage  .    (no gloves)
Will    .....                    (boots unavailable)
Stlth   ++                       (no amulet)
HPRegen 0.23/turn                c - +6 ring of dexterity
MPRegen 0.10/turn                (no ring)

@: no status effects
A: beak, talons 3
a: no special abilities


You were on level 2 of the Dungeon.
You visited 1 branch of the dungeon, and saw 2 of its levels.

You collected 102 gold pieces.

Inventory:

Armour
 a - a +0 robe (worn)
Jewellery
 c - a +6 ring of dexterity (left hand)
Scrolls
 d - 4 scrolls of identify {unknown}
 e - a scroll of amnesia {unknown}
 g - 2 scrolls of fog {unknown}
Potions
 b - a potion of magic
 f - 2 potions of mutation {unknown}
 h - a potion of lignification {unknown}


   Skills:
 - Level 2.1 Dodging
 - Level 2.0 Stealth
 + Level 2.5 Spellcasting
 + Level 2.5 Conjurations
 + Level 3.8 Fire Magic


You had 6 spell levels left.
You knew the following spells:

 Your Spells              Type           Power      Damage    Failure   Level
a - Foxfire               Conj/Fire      48%        2x1d6     4%          1

Your spell library contained the following spells:

 Spells                   Type           Power      Damage    Failure   Level
 Scorch                   Fire           30%        2d6       6%          2
 Necrotise                Necr           8%         1d4       19%         1
 Inner Flame              Hex/Fire       8%         N/A       26%         3
 Kindle Blastsparks       Fire/Tloc/Air  12%        2d11      32%         3
 Flame Wave               Conj/Fire      12%        2d6       45%         4


Dungeon Overview and Level Annotations

Branches:
Dungeon (2/15)

Altars:

Annotations:
D:2 Robin


Innate Abilities, Weirdness & Mutations

You have a beak for a mouth.
You have claws for feet.


Message History

You conjure some foxfire!
You conjure some foxfire!
The foxfire hits the hobgoblin.
You kill the hobgoblin!
Your foxfire dissipates!
The foxfire hits the worm but does no damage.
You conjure some foxfire!
The foxfire hits the worm.
The worm is moderately wounded.
You conjure some foxfire!
Your foxfire dissipates! x3
A worm is nearby!
Your foxfire dissipates! x2
There is a stone staircase leading down here.
You conjure some foxfire!
You conjure some foxfire!
The foxfire hits the worm.
The worm is lightly wounded.
The foxfire hits the worm but does no damage.
The worm is lightly wounded.
You are out of magic!
You are out of magic!
You are out of magic!
You are out of magic!
The foxfire hits the worm.
The worm is moderately wounded.
The foxfire hits the worm.
The worm is heavily wounded.
You conjure some foxfire!
The foxfire hits the worm.
The worm is heavily wounded.
The foxfire hits the worm.
The worm is heavily wounded.
You hit the worm. You peck the worm.
The worm is severely wounded.
The worm bites you!
Ouch! That really hurt!
You hit the worm. Your kick misses the worm.
The worm is severely wounded.
You hit the worm but do no damage.
The worm is severely wounded.
The worm bites you!
Ouch! That really hurt!
You die...

#####.......# . #.......#
############### .. #.......#
#.......#...... ...
#.......###.#####.#.####. ....##
#........##.##..#.#....#.
......##........##.##..#.#....#.
......'.........##.##..#.#.####.
..#.>........#.##..#.#......
##.#+#..w@...##..#.#..####
#.#.....#................
#.###############.#..####
#......>..........#<.####
#.....###..........#.#...
#.....# #............#.##
#.....# #............#.# #....†#
#####'##+###.#.# #..†..#
#........#.#


You could see a worm.

Vanquished Creatures
  A dart slug (D:1)
  A bat (D:1)
  4 endoplasms
  10 goblins (D:1)
  2 hobgoblins
  3 jackals (D:2)
  A frilled lizard (D:1)
  2 rats (D:1)
24 creatures vanquished.

Vanquished Creatures (collateral kills)
  3 foxfires (D:1)
3 creatures vanquished.

Vanquished Creatures (others)
  88 foxfires
88 creatures vanquished.

Grand Total: 115 creatures vanquished

Notes
Turn   | Place    | Note
-------+----------+-------------------------------------------
     0 | D:1      | cforsyth the Tengu Fire Elementalist began the quest for
                  | the Orb.
     0 | D:1      | Reached XP level 1. HP: 10/10 MP: 4/4
   189 | D:1      | Found a faded altar of an unknown god.
   192 | D:1      | Got Plato's Omnibus of the Grave
   467 | D:1      | Reached XP level 2. HP: 15/15 MP: 3/6
  1123 | D:2      | Noticed Robin
  1262 | D:1      | Reached XP level 3. HP: 11/19 MP: 2/7
  1861 | D:2      | Slain by a worm

Illustrated notes

Levels and vault maps discovered:
D:1:      minmay_arrival_up_and_down, layout_basic,
          shapermc_ecumenical_altar_rom_forum, minmay_misc_feat_doors,
          serial_bayou_pond_a
D:2:      layout_basic, uniq_natasha, uniq_robin

Skill      XL: |  1  2 |
---------------+-------+-----
Conjurations   | 2 |  2.5
Dodging        | |  2.1
Stealth        | |  2.0
Spellcasting   | |  2.5
Fire Magic     | |  3.8

Action                     || total
---------------------------++-------
  Melee: Unarmed           ||     3
         Peck              ||     1
   Cast: Foxfire           ||    50
 Armour: Robe              ||     2
  Dodge: Dodged            ||    24

Table legend: (Time is in decaauts)
 A = Elapsed time spent in this place.
 B = Non-inter-level travel time spent in this place.
 C = Inter-level travel time spent in this place.
 D = Time resting spent in this place.
 E = Time spent auto-exploring this place.
 F = Levels seen in this place.
 G = Mean time per level.
                   A        B        C        D        E       F      G
               +--------+--------+--------+--------+--------+-----+--------+
         Total |   1865 |   1808 |     57 |    349 |   1298 |   2 |  932.5 |
       Dungeon |   1865 |   1808 |     57 |    349 |   1298 |   2 |  932.5 |
               +--------+--------+--------+--------+--------+-----+--------+

Top non-repeatable levels by time:
     D:1: 1506 daAuts
     D:2: 359 daAuts
